AoeStats
← Muli

Arabia

505984675Analyzed
2v2 RM · 20d ago on Sep 11, 2026· 47m 15s· 4 players
Game mode
Random Map
Map size
Medium (4 player)
Population
200
Speed
Normal
Resources
Standard
Victory
Conquest
Starting age
Dark Age
Ending age
Imperial Age
RankedLock teamsTeams togetherTeam positionsShared explorationLock speedFull tech treeHidden civsTurbo modeCheats
Victory
Defeat
🇫🇷 Wu · France
1329
+11
🇵🇪 Britons · Peru
1291
+13
🇩🇪 Poles · Germany
1224
-12
🇩🇪 Mongols · Germany
1218
-12
Rasec
6:42 Loom
9:22 Feudal Age
10:54 Double-Bit Axe
13:40 Fletching
17:50 Padded Archer Armor
23:50 Castle Age
21:33 Horse Collar
23:40 Gold Mining
23:58 Crossbowman
24:34 Bodkin Arrow
25:20 Forging
31:06 Ballistics
31:04 Leather Archer Armor
31:55 Wheelbarrow
33:07 Bow Saw
33:44 Town Watch
38:59 Imperial Age
41:10 Chemistry
40:11 Bracer
39:36 Arbalester
42:14 Ring Archer Armor
41:16 Capped Ram
43:06 Hand Cart
42:56 Heavy Plow
46:01 Conscription
Fantome69
5:54 Loom
9:00 Feudal Age
9:43 Double-Bit Axe
11:25 Horse Collar
17:36 Bloodlines
17:40 Forging
17:37 Scale Barding Armor
19:05 Forging
24:07 Castle Age
23:27 Gold Mining
25:15 Chain Barding Armor
25:34 Wheelbarrow
26:38 Husbandry
33:43 Iron Casting
34:23 Coinage
38:58 Bow Saw
39:38 Stone Mining
42:08 Gold Shaft Mining
41:52 Heavy Plow
48:55 Imperial Age
46:15 Town Watch
47:39 Hand Cart
Invictus SPQR
6:47 Loom
9:10 Feudal Age
11:01 Horse Collar
16:17 Town Watch
20:23 Wheelbarrow
20:12 Bloodlines
20:38 Forging
20:35 Scale Barding Armor
27:56 Castle Age
28:12 Double-Bit Axe
28:07 Light Cavalry
28:47 Husbandry
29:44 Iron Casting
29:30 Chain Barding Armor
32:26 Gold Mining
Muli
7:28 Loom
9:44 Feudal Age
13:51 Fletching
15:33 Padded Archer Armor
17:10 Horse Collar
20:48 Town Watch
30:10 Castle Age
30:51 Bodkin Arrow
32:20 Crossbowman
33:51 Leather Archer Armor
38:24 Thumb Ring
43:08 Imperial Age
41:31 Wheelbarrow
40:42 Double-Bit Axe
43:27 Arbalester
44:35 Elite Skirmisher
46:12 Bracer
Connection lost

Rejoining the realm…

Still unreachable

The connection could not be restored.

Session expired

The server has moved on; the page needs a fresh start.